 Dungeon Crawl Stone Soup version 0.29.1-15-g9cfb28693d (webtiles) character file.

Game seed: 16798431771439649675

21 HOAXBANE2 the Charlatan (level 2, -3/14 HPs)
             Began as a Spriggan Artificer on Mar 30, 2023.
             Killed from afar by Sigmund (17 damage)
             ... with a bolt of dispelling energy
             ... on level 2 of the Dungeon.
             The game lasted 00:04:02 (1552 turns).

HOAXBANE2 the Charlatan (Spriggan Artificer)        Turns: 1552, Time: 00:04:03

Health: -3/14      AC:  3    Str:  8    XL:     2   Next: 65%
Magic:  3/3        EV: 17    Int: 12    God:
Gold:   77         SH:  0    Dex: 15    Spells: 1/1 levels left

rFire   . . .      SeeInvis +   g - +2 short sword (speed)
rCold   . . .      Faith    +   (no shield)
rNeg    . . .      Spirit   .   b - +0 robe
rPois   .          Reflect  .   (helmet restricted)
rElec   .          Harm     .   k - +0 cloak
rCorr   .          Rampage  .   (gloves unavailable)
Will    .....                   (boots unavailable)
Stlth   +.........              f - amulet of faith
HPRegen 0.04/turn               (no ring)
MPRegen 0.08/turn               (no ring)

@: confused, very quick
A: very small, no large weapons, unfitting armour, see invisible, speed 3
a: no special abilities


You were on level 2 of the Dungeon.
You visited 1 branch of the dungeon, and saw 2 of its levels.

You collected 77 gold pieces.

Inventory:

Hand Weapons
 g - a +2 short sword of speed (weapon)
Armour
 b - a +0 robe (worn)
 k - a +0 cloak (worn)
Jewellery
 f - an amulet of faith (around neck)
Wands
 c - a wand of flame (15) (quivered)
 d - a wand of charming (15)
 e - a wand of iceblast (5)
Potions
 a - a potion of heal wounds {unknown}
 h - a potion of curing
 i - a potion of berserk rage {unknown}
 j - 2 potions of magic {unknown}
 l - a potion of degeneration {unknown}


   Skills:
 - Level 1.0 Fighting
 - Level 3.2 Dodging
 - Level 2.0 Stealth
 + Level 5.1 Evocations


You had one spell level left.
You didn't know any spells.
Your spell library was empty.

Dungeon Overview and Level Annotations

Branches:
Dungeon (2/15)

Altars:

Annotations:
D:2 Sigmund


Innate Abilities, Weirdness & Mutations

You are very small and have problems with some larger weapons.
You are too small for most types of armour.
You have supernaturally acute eyesight. (SInv)
You cover ground extremely quickly. (Speed+++)


Message History

You feel sick.
There is a stone staircase leading up here.
* * * LOW HITPOINT WARNING * * *
You feel sick. The adder barely misses you.
You climb upwards.
* * * LOW HITPOINT WARNING * * *
You feel sick.
There is a stone staircase leading down here.
It was a potion of curing.
You feel better.
You start resting.
HP restored.
There is a stone staircase leading down here.
You climb downwards.
There is a stone staircase leading up here.
Found two hammers.
You see here a +0 hammer.
You see here a +0 hammer.
A quokka comes into view.
Found 3 gold pieces and a scale mail.
Sigmund and an endoplasm come into view.
Sigmund is wielding a +0 scythe and carrying a wand of quicksilver (8).
Sigmund shouts!
Aiming: Throw Flame
Press: ? - help, Shift-Dir - straight line You can't see that place.
Okay, then.
Unknown command.
Unknown command.
Sigmund points at you and mumbles some strange words.
You are confused.
The endoplasm quivers.
You bump into the rock wall.
Sigmund casts a spell at you.
You are more confused.
You bump into the rock wall.
You bump into the rock wall.
Sigmund zaps a wand.
The bolt of dispelling energy hits you!
Your magical effects are unravelling.
Ouch! That really hurt!
You die...

#........ .......
#...[.# ###@....#
..$!...# #..r..#
.. #..J..##...
#........ #
#@..##### # #.####
# ####....# #
#..#).#.# #
###.....#.#######
#
#....).##.......#
#
#.#...#.##.......#
#####.##<......#
#..........#


You could see Sigmund, an endoplasm and a quokka.

Vanquished Creatures
  A worm (D:2)
  2 endoplasms (D:1)
  3 giant cockroaches (D:1)
  A hobgoblin (D:1)
  A quokka (D:1)
  2 bats (D:1)
  2 goblins
  4 kobolds
  2 rats
18 creatures vanquished.

Notes
Turn   | Place    | Note
-------+----------+-------------------------------------------
     0 | D:1      | HOAXBANE2 the Spriggan Artificer began the quest for the
                  | Orb.
     0 | D:1      | Reached XP level 1. HP: 9/9 MP: 2/2
    67 | D:1      | Reached skill level 1 in Fighting
   123 | D:1      | Found a faded altar of an unknown god.
   472 | D:1      | Reached XP level 2. HP: 14/14 MP: 3/3
  1049 | D:2      | Reached skill level 5 in Evocations
  1547 | D:2      | Noticed Sigmund
  1552 | D:2      | Killed from afar by Sigmund

Illustrated notes

Levels and vault maps discovered:
D:1:      dpeg_arrival_tiny_c, layout_loops_ring,
          ebering_ecumenical_altar_sacrificial
D:2:      layout_rooms, uniq_sigmund, uniq_jessica, uniq_crazy_yiuf_cottage

Skill      XL: |  1  2 |
---------------+-------+-----
Fighting       | 1 |  1.0
Stealth        | 2 |  2.0
Evocations     | 5 |  5.1
Dodging        | |  3.2

Action                   || total
-------------------------++-------
Melee: Short sword       ||    84
       Punch             ||     1
  Use: Scroll            ||     2
       Potion            ||     1
 Stab: Sleeping          ||     2
Armor: Robe              ||     4
Dodge: Dodged            ||    48
